 Dungeon Crawl Stone Soup version 0.27-a0-676-gc1da3516c2 (webtiles) character file.

Game seed: 9420840136374421159

8127 Ijustatesigmund the Cleaver (level 11, -1/89 HPs)
             Began as a Demonspawn Fighter on Mar 18, 2021.
             Was an Elder of Cheibriados.
             Slain by a white ugly thing (27 damage)
             ... on level 11 of the Dungeon.
             The game lasted 00:19:52 (12395 turns).

Ijustatesigmund the Cleaver (Demonspawn Fighter)   Turns: 12395, Time: 00:19:53

Health: -1/89      AC: 14    Str: 34      XL:     11   Next: 5%
Magic:  0/17       EV: 18    Int: 18 (19) God:    Cheibriados [****..]
Gold:   548        SH: 14    Dex: 32 (33) Spells: 10/10 levels left

rFire    . . .     SeeInvis .   a - +0 war axe (flame)
rCold    . . .     Faith    .   c - +1 kite shield {rN+}
rNeg     + . .     Spirit   +   b - +0 ring mail "Qoik Toch" {Dex+2}
rPois    +         Reflect  .   g - +1 helmet
rElec    .         Harm     .   k - scarf {repulsion}
rCorr    .         Rampage  .   e - +1 pair of gloves
Will     +....     Rnd*Rage +   (no boots)
Stlth    ++........             i - amulet of guardian spirit
HPRegen  0.24/turn              j - +6 ring of dexterity
MPRegen  0.15/turn              v - +6 ring of strength

@: mighty, agile, about to teleport, repel missiles, very slow
A: talons 2, slimy green scales 3, powered by pain 2, berserk 1, strong-willed
1, evolution 1
a: Renounce Religion, Bend Time, Temporal Distortion, Slouch


You were on level 11 of the Dungeon.
You worshipped Cheibriados.
Cheibriados was greatly pleased with you.
You visited 2 branches of the dungeon, and saw 12 of its levels.

You collected 548 gold pieces.

Inventory:

Hand Weapons
 a - a +0 war axe of flaming (weapon)
Armour
 b - the +0 ring mail "Qoik Toch" (worn) {Dex+2}
   (You found it on level 6 of the Dungeon)

   It affects your dexterity (+2).
 c - a +1 kite shield of positive energy (worn)
 e - a +1 pair of gloves (worn)
 g - a +1 helmet (worn)
 k - a scarf of repulsion (worn)
Jewellery
 i - an amulet of guardian spirit (around neck)
 j - a +6 ring of dexterity (right hand)
 v - a +6 ring of strength (left hand)
Wands
 m - a wand of polymorph (7)
 n - a wand of digging (1)
 o - a wand of paralysis (5)
Scrolls
 d - a scroll of teleportation
 p - 2 scrolls of amnesia
 q - 3 scrolls of identify
 s - 3 scrolls of magic mapping
 u - a scroll of silence
 w - a scroll of blinking
Potions
 f - 7 potions of brilliance
 h - 4 potions of curing
 l - 2 potions of flight
 t - a potion of lignification


   Skills:
 + Level 9.2 Fighting
 + Level 9.2 Axes
 - Level 6.2 Armour
 + Level 3.5 Dodging
 - Level 4.7 Shields
 + Level 9.2 Invocations


You had 10 spell levels left.
You didn't know any spells.
Your spell library contained the following spells:

 Spells                   Type           Power      Damage    Failure   Level
 Corona                   Hex            0%         N/A       73%         1
 Slow                     Hex            0%         N/A       86%         2
 Inner Flame              Hex/Fire       0%         N/A       97%         3
 Portal Projectile        Hex/Tloc       0%         N/A       97%         3
 Cause Fear               Hex            0%         N/A       100%        4
 Leda's Liquefaction      Hex/Erth       0%         N/A       100%        4


Dungeon Overview and Level Annotations

Branches:
Dungeon (11/15)            Temple (1/1) D:5
   Lair: D:8-11         Orc: D:9-12

Altars:
Ashenzari
Cheibriados
Dithmenos
Elyvilon
Fedhas
Gozag
Hepliaklqana
Kikubaaqudgha
Makhleb
Nemelex Xobeh
Okawaru
Qazlal
Ru
Sif Muna
Trog
Uskayaw
Vehumet
Wu Jian
Xom
Yredelemnul
Zin
The Shining One


Innate Abilities, Weirdness & Mutations

You have razor-sharp toenails.
You are completely covered in slimy green scales. (AC +4, rPois)
You sometimes gain power by taking damage.
You tend to lose your temper in combat.
You are strong-willed. (Will+)
You evolve.


Message History

There is an open door, spattered with blood here.
Items here: ))) [[ ††.
There is an open door here.
You open the door.
There is an open door here.
You open the large door.
An ugly thing, an ice beast and a troll come into view.
The white ugly thing gurgles horribly!
The troll shouts!
A bullfrog comes into view.
Found 110 gold pieces.
An ice beast comes into view.
There is a large open door here.
A troll comes into view.
The white ugly thing closely misses you.
The bullfrog croaks.
The troll shouts!
You hit the white ugly thing but do no damage.
You claw the white ugly thing.
The white ugly thing is lightly wounded.
You slash the ice beast!
You melt the ice beast.
The ice beast barely misses you. The white ugly thing trunk-slaps you.
The white ugly thing freezes you!!
You focus on the pain.
You feel very mighty all of a sudden.
As you read the scroll of teleportation, it crumbles to dust.
You feel strangely unstable. You block the ice beast's attack.
The white ugly thing trunk-slaps you. The white ugly thing freezes you!!
You focus on the pain.
You feel agile all of a sudden.
You hit the bullfrog. You burn the bullfrog. Your kick misses the bullfrog.
The bullfrog is lightly wounded.
You hit the ice beast but do no damage. You slash the troll!
You burn the troll. You slash the white ugly thing!
You burn the white ugly thing. You block the bullfrog's attack.
The ice beast hits you but does no damage.
You block the troll's attack. x2; The troll claws you but does no damage.
The white ugly thing barely misses you. The bullfrog closely misses you.
The troll bites you. The troll claws you. x2
The ice beast completely misses you. The white ugly thing trunk-slaps you!
* * * LOW HITPOINT WARNING * * *
The white ugly thing freezes you!!
You die...

#...........#.#
###..)......#.#
##)########.# #.#####
#.# #.#...# #.#
###.#...####.# #####
#...'...'....# #....##
#.#.#...###.###F.....#
#.#.#...# #.##@uT$$...
#.#.#.#####..'YT$..$..
#.#.#........'.Y$..$..
#.#.#..####.##...$$...
#............##......#
#.#.#..#.##..# #....##
##.#.#..#.##..# #####
##...)..........
......#.........


You could see a white ugly thing, 2 trolls, 2 ice beasts and a bullfrog.

Vanquished Creatures
  A two-headed ogre (D:9)
  An unseen horror (D:10)
  An oklob plant (D:9)
  A centaur zombie (D:10)
  Joseph (D:10)
  A gargoyle (D:10)
  Psyche (D:9)
  2 trolls (D:9)
  A slime creature (D:6)
  The ghost of paps the Caller, an amateur DsSu of Gozag (D:5)
  Menkaure (D:3)
  2 sky beasts
  2 black bears (D:6)
  5 ogres
  2 orc warriors
  3 ice beasts
  3 centaurs
  4 kobold brigands
  7 bullfrogs
  A wyvern zombie (D:6)
  4 scorpions
  6 killer bees (D:9)
  3 howler monkeys
  3 bullfrog zombies
  12 jellies
  5 hounds
  3 orc priests
  A centaur skeleton (D:4)
  2 bullfrog skeletons
  3 iguanas
  Natasha (D:3)
  6 orc wizards
  9 worker ants
  3 hound zombies
  2 hound skeletons
  A mummy (D:3)
  5 gnolls (D:5)
  A howler monkey skeleton (D:11)
  9 adders
  3 shadow imps
  2 white imps
  3 ufetubi
  12 oozes (D:6)
  2 adder zombies
  2 adder skeletons
  2 leopard geckos
  33 orcs
  5 giant cockroaches
  9 goblins
  8 hobgoblins
  8 jackals
  3 quokkas
  A ball python (D:2)
  A ball python skeleton (D:3)
  5 bats (D:1)
  6 frilled lizards
  25 kobolds
  2 leopard gecko skeletons
  A leopard gecko zombie (D:5)
  A quokka skeleton (D:8)
  4 rats
258 creatures vanquished.

Vanquished Creatures (others)
  6 fungi (D:6)
  3 plants (D:9)
9 creatures vanquished.

Grand Total: 267 creatures vanquished

Notes
Turn   | Place    | Note
-------+----------+-------------------------------------------
     0 | D:1      | Ijustatesigmund the Demonspawn Fighter began the quest for
                  | the Orb.
     0 | D:1      | Reached XP level 1. HP: 18/18 MP: 1/1
   263 | D:1      | Gained mutation: You sometimes gain a little power by
                  | taking damage. [demonic ancestry]
   263 | D:1      | Reached XP level 2. HP: 24/24 MP: 2/2
  1116 | D:2      | Reached skill level 1 in Dodging
  1116 | D:2      | Reached XP level 3. HP: 22/29 MP: 3/3
  1256 | D:2      | Gained mutation: You are weak. (Str -2) [potion of
                  | mutation]
  1256 | D:2      | Lost mutation: You are weak. (Str -2) [potion of mutation]
  1256 | D:2      | Gained mutation: You are weak. (Str -2) [potion of
                  | mutation]
  1256 | D:2      | Gained mutation: You are resistant to electric shocks.
                  | (rElec) [potion of mutation]
  1257 | D:2      | Lost mutation: You are weak. (Str -2) [potion of mutation]
  1257 | D:2      | Lost mutation: You are resistant to electric shocks.
                  | (rElec) [potion of mutation]
  1257 | D:2      | Gained mutation: Your spells are a little easier to cast,
                  | but a little less powerful. [potion of mutation]
  1257 | D:2      | Gained mutation: You tend to lose your temper in combat.
                  | [potion of mutation]
  1257 | D:2      | Gained mutation: You evolve. [potion of mutation]
  1473 | D:2      | Found a sacrificial altar of Ru.
  1898 | D:3      | Found an ancient bone altar of Kikubaaqudgha.
  1899 | D:3      | Noticed Natasha
  1900 | D:3      | Found a transporter.
  1901 | D:3      | Noticed Menkaure
  1913 | D:3      | Gained mutation: You are partially covered in slimy green
                  | scales. (AC +2) [demonic ancestry]
  1913 | D:3      | Reached XP level 4. HP: 23/36 MP: 4/4
  2078 | D:3      | Found a transporter.
  2082 | D:3      | Found a basalt altar of Yredelemnul.
  2088 | D:3      | Killed Menkaure
  2089 | D:3      | Reached XP level 5. HP: 15/42 MP: 5/5
  2091 | D:3      | Killed Natasha
  2106 | D:3      | Identified the +3 scimitar of the Wasteland {vamp, rPois
                  | Int+4 Dex+6}
  2380 | D:3      | Gained mutation: You sometimes gain power by taking damage.
                  | [demonic ancestry]
  2380 | D:3      | Reached XP level 6. HP: 48/48 MP: 6/6
  2571 | D:3      | Found a shimmering blue altar of Sif Muna.
  2928 | D:4      | Reached skill level 5 in Axes
  2937 | D:4      | Reached XP level 7. HP: 19/55 MP: 7/7
  3811 | D:5      | Entered Level 5 of the Dungeon
  3987 | D:5      | Found a burning altar of Makhleb.
  3987 | D:5      | Noticed a blizzard demon
  4070 | D:5      | Found a hide-covered altar of Uskayaw.
  4115 | D:5      | Reached skill level 5 in Fighting
  4839 | D:5      | Gained mutation: You have sharp toenails. [demonic
                  | ancestry]
  4839 | D:5      | Reached XP level 8. HP: 55/63 MP: 8/8
  5006 | D:5      | Found a staircase to the Ecumenical Temple.
  5015 | Temple   | Entered the Ecumenical Temple
  5147 | Temple   | Became a worshipper of Cheibriados the Contemplative
  5519 | D:5      | Reached skill level 1 in Invocations
  5529 | D:5      | Found a large runed translucent door.
  5530 | D:5      | Found a large runed translucent door.
  5533 | D:5      | Noticed paps's ghost (amateur DsSu)
  5636 | D:5      | Killed paps's ghost
  5816 | D:6      | Found an opulent altar of Gozag.
  6316 | D:6      | Identified the +0 ring mail "Qoik Toch" {Dex+2}
  6390 | D:6      | Reached * piety under Cheibriados
  6391 | D:6      | Reached skill level 5 in Armour
  6668 | D:6      | Gained mutation: You have razor-sharp toenails. [demonic
                  | ancestry]
  6668 | D:6      | Reached XP level 9. HP: 64/71 MP: 12/12
  7141 | D:7      | Reached ** piety under Cheibriados
  7142 | D:7      | Reached skill level 5 in Invocations
  7531 | D:7      | Found a broken altar of Ashenzari.
  8012 | D:8      | Reached *** piety under Cheibriados
  8172 | D:8      | Found a burning altar of Makhleb.
  9180 | D:9      | Gained mutation: You are mostly covered in slimy green
                  | scales. (AC +3) [demonic ancestry]
  9180 | D:9      | Reached XP level 10. HP: 64/80 MP: 15/15
  9260 | D:9      | Found a basalt altar of Yredelemnul.
  9261 | D:9      | Noticed an oklob plant
  9271 | D:9      | Killed an oklob plant
  9271 | D:9      | Reached **** piety under Cheibriados
  9369 | D:9      | Lost mutation: Your spells are a little easier to cast, but
                  | a little less powerful. [evolution]
 10013 | D:9      | Noticed Psyche
 10018 | D:9      | Killed Psyche
 10058 | D:9      | Noticed a two-headed ogre
 10063 | D:9      | Killed a two-headed ogre
 10461 | D:9      | Found an ornate altar of the Wu Jian Council.
 10461 | D:9      | Found a bloodstained altar of Trog.
 10655 | D:9      | Found an iron altar of Okawaru.
 10659 | D:9      | Found a shimmering altar of Xom.
 10793 | D:10     | Entered Level 10 of the Dungeon
 10880 | D:10     | Noticed Joseph
 10888 | D:10     | Killed Joseph
 11199 | D:10     | Gained mutation: You are strong-willed. (Will+) [evolution]
 11359 | D:10     | Noticed a gargoyle
 11368 | D:10     | Killed a gargoyle
 11457 | D:10     | Killed an unseen horror
 11458 | D:10     | Gained mutation: You are completely covered in slimy green
                  | scales. (AC +4, rPois) [demonic ancestry]
 11458 | D:10     | Reached XP level 11. HP: 15/89 MP: 4/17
 12390 | D:11     | Noticed a white ugly thing
 12395 | D:11     | Slain by a white ugly thing

Illustrated notes

Levels and vault maps discovered:
D:1:      lightli_arrival_farm, layout_basic
D:2:      layout_rooms, nicolae_ru_path_of_blood
D:3:      layout_rooms, gammafunk_temple_of_torment,
          nicolae_sif_muna_little_library, uniq_natasha
D:4:      layout_basic
D:5:      minmay_chambers_of_fours, layout_basic, makhleb_altar_promises_db,
          lemuel_crystal_altar, minmay_temple_entry_butterflies,
          ebering_ghost_disaster_area
D:6:      lemuel_slime, layout_basic,
          pdpol_temple_overflow_zin_treasury_gozag_greed
D:7:      layout_rooms, lemuel_coloured_pillars_altar
D:8:      layout_gridville, basic_altar
D:9:      layout_rooms, chequers_temple_overflow_minitemple, lemuel_oklob_altar,
          uniq_psyche
D:10:     layout_roguey, palyth_stone_intersect, uniq_joseph
D:11:     minmay_polygon_palace, layout_basic, dpeg_lair_monsters,
          serial_corexii_hall, chequers_hall_statues_corner_a,
          corexii_hall_statues_i
Temple:   nicolae_temple_figure_zero

Skill      XL: |  1  2  3  4  5  6  7  8  9 10 |
---------------+-------------------------------+-----
Axes           | 2 3 4 5 6 7 8 9 |  9.2
Dodging        | 1 2 3 |  3.5
Fighting       | 4 5 6 7 9 |  9.2
Armour         | 3 4 5 6 |  6.2
Invocations    | 4 6 9 |  9.2
Shields        | 3 4 |  4.7

Action                   |  1- 3 |  4- 6 |  7- 9 | 10-12 || total
-------------------------+-------+-------+-------+-------++-------
Melee: War axe           |   117 |    80 |   322 |   126 ||   645
       Kick              |       |       |    85 |    66 ||   151
Evoke: Wand              |       |       |       |     9 ||     9
  Use: Scroll            |     9 |     1 |     8 |     2 ||    20
       Potion            |     2 |     2 |       |     5 ||     9
 Stab: Sleeping          |       |       |     1 |     2 ||     3
       Paralysed         |       |       |       |     4 ||     4
       Invisible         |       |       |       |     2 ||     2
Armor: Scale mail        |    69 |    61 |    76 |       ||   206
       Ring mail         |       |       |    66 |    44 ||   110
       Skin              |       |       |       |    20 ||    20
Dodge: Dodged            |    56 |    41 |   128 |    49 ||   274
       Repelled          |       |       |     1 |       ||     1
Block: Kite shield       |    58 |    49 |   165 |   117 ||   389

Table legend: (Time is in decaauts)
 A = Elapsed time spent in this place.
 B = Non-inter-level travel time spent in this place.
 C = Inter-level travel time spent in this place.
 D = Time resting spent in this place.
 E = Time spent auto-exploring this place.
 F = Levels seen in this place.
 G = Mean time per level.
                   A        B        C        D        E       F      G
               +--------+--------+--------+--------+--------+-----+--------+
         Total |  14603 |  14253 |    350 |   3425 |   8745 |  12 | 1216.9 |
       Dungeon |  14459 |  14121 |    338 |   3425 |   8632 |  11 | 1314.5 |
        Temple |    144 |    132 |     12 |      0 |    113 |   1 |  144.0 |
               +--------+--------+--------+--------+--------+-----+--------+

Top non-repeatable levels by time:
     D:9: 1963 daAuts
     D:5: 1918 daAuts
     D:6: 1803 daAuts
    D:10: 1749 daAuts
     D:8: 1682 daAuts
     D:1: 1136 daAuts
     D:4: 1112 daAuts
     D:3: 1071 daAuts
     D:7: 1003 daAuts
     D:2: 664 daAuts
    D:11: 354 daAuts
  Temple: 144 daAuts
